 Dungeon Crawl Stone Soup version 0.7.1-15-g73f6e1f character file.

65 Xorborg the Skirmisher (level 1, 0/13 HPs)
             Began as a Demonspawn Chaos Knight on Aug 6, 2010.
             Was a Follower of Makhleb.
             Succumbed to a kobold's poison
             ... on Level 1 of the Dungeon.
             The game lasted 00:03:39 (695 turns).

Xorborg the Skirmisher (Demonspawn Chaos Knight)     Turns: 695, Time: 00:03:39

HP   0/13        AC  3     Str 12 Exp: 1/12 (0), need: 3
MP   1/1         EV 10     Int 13      God: Makhleb [*.....]
Gold 57          SH  0     Dex 12      Spells:  0 memorised,  0 levels left

Res.Fire  : . . .   See Invis. : .   a - +2 hand axe
Res.Cold  : . . .   Warding    : .   b - +0 leather armour
Life Prot.: . . .   Conserve   : .   (no shield)
Res.Poison: .       Res.Corr.  : .   (no helmet)
Res.Elec. : .       Clarity    : .   (no cloak) Spirit.Shd: . Stasis : .
                                     (no gloves)
Sust.Abil.: . .     Rnd.Telep. : .   (no boots)
Res.Mut.  : .       Ctrl.Telep.: .   (no amulet)
Res.Rott. : .       Levitation : .   (no ring)
Saprovore : . . .   Ctrl.Flight: .   (no ring)

@: confused, mildly poisoned, not resistant to hostile enchantments, extremely
unstealthy
A: no striking features
a: Renounce Religion


You were on level 1 of the Dungeon.
You worshipped Makhleb.
Makhleb was pleased with you.
You were not hungry.

You visited 1 branch of the dungeon, and saw 1 of its levels.

You collected 37 gold pieces.

Inventory:

Hand weapons
 a - a +2,+2 hand axe (weapon)
 f - a +0,+1 dwarven dagger (quivered)
 g - a +1,+0 short sword
Armour
 b - a +0 leather armour (worn)
Comestibles
 c - 2 bread rations
 h - an orange
 i - a meat ration
Scrolls
 d - a scroll of teleportation {unknown}
Potions
 j - a potion of mutation {unknown} You had 0 experience left.


   Skills:
 + Level 3 Fighting
 + Level 2 Axes
 + Level 2 Armour
 + Level 1 Dodging
 + Level 2 Invocations


You couldn't memorise any spells.
You didn't know any spells.

Dungeon Overview and Level Annotations

Branches:
Dungeon (1/27)

Altars:


Message History

* * * LOW HITPOINT WARNING * * *
You feel sick.
You feel a little better. The kobold hits you but does no damage.
Drink which item? (? for menu, Esc to quit)
You are confused.
You die...

##########
###############################........#####################
#####...............................................(..........#
...........................................###########.........#
.####.##################################.### #.........# .# #.#
#.# #.........# .# #.# #.# ###.#.##### .# #.# #.# #.#.# .# #.#
##################### #.# #.#.# .# #.# #...................# #.#
#.#.# .# #.# ######.#################.# #.# #.#># .# #.# #....#.#
#.# #.# #.#.# .# #.# #.##.#.# #.# #.# #.#.# .# #.# #.#..#.#
###.#######.######## #.#. .# #.# #.#.##.# #...................
#.#.# .# #.# #.#....###############.#########.######### #.#.#. .#
#.# #.######.................................. #.#.#.... .# #.#
#......#........(.####(#########.######.## #.#.#... .# #.#
######.#.......>..# #.# #.# #.# #.#.#..# .# #.#
#(...#.#..........# #.# #.# #.# #.#.#..# .# #.#
#.##.#.#..........# #@# #.# #.# # # #.#.#..# # .# #.#
#.#..#.#..........# #K# ######.######.####.###.#.#..#.### .#
#.###.#.##.#..........# #.# #................................. .#
#...#.#....#..........# #.# #.####.#...................##.### .#
#...#.######.########## #.# #.# #.#..###'#######+###..##.# .#
#...#......#.# #.# #.# #.#..#..}...>...}..#..##.# .#
#.########.#.# #.# #.# #.#..#.....<<<.....#..##.# .# #.#
#....#.#.# #.# #.# #.#..#}....###....}+..##.# .# #.# #.##.#.#.#
#.# #.# #.#..#.............#..##.# .# #.# #.#..#.#.# #.# #.#
#.#..#######+#######..##.# .# #.# #.#.##.#.# #.# #.#
#.#..#rhrlJhhJ.....#.....# .####.###.#....#.# #.# #)#
#.#..#...Jshh......#.(##.# ........#.######(#
##.####.####.#..#.............#..##.# .................#
#............#..###############.....#
.........#######.############....##.######...................##.#
.........................)......................................#
......(..#######.##################.##########.###.#####.#.#.####
.........# #.# #.# #.# #.# #.#.#.# .........# #.# #.# #.# #.#
#.#.#.# .........# #.# #.# #.# #.# #.#.#.#
.........#######.##################.##########.###.#####.#.#.#
.....................).......................................#
#####.##########.##################.####################.#.###
#.# #.# #.# #.#.# #.# #.# ### #.#.# #.# #.# #.#.# #.# #.# #.#.#
#.# #.# ###### #.#.# #.# #.# #....# #.#.# #.# #.# #....# #.#.#


You could see a kobold.

Vanquished Creatures
  A giant cockroach (D:1)
  A hobgoblin (D:1)
  A giant newt (D:1)
  A goblin (D:1)
  2 kobolds (D:1)
  3 rats (D:1)
9 creatures vanquished.

Notes
Turn   | Place    | Note
--------------------------------------------------------------
     0 | D:1      | Xorborg, the Demonspawn Chaos Knight, began the quest for the Orb.
     0 | D:1      | Reached XP level 1. HP: 13/13 MP: 1/1
   203 | D:1      | Reached skill 1 in Dodging
   343 | D:1      | Acquired Makhleb's first power
   695 | D:1      | Succumbed to a kobold's poison
